Map: Crimson Court LE

Players

JustTooMuch

  • Race: Terran Terran
  • League: Platinum
  • Spawn Location: 7:00

Archer - Winner!

  • Race: Zerg Zerg
  • League: Platinum
  • Spawn Location: 1:00

VOD

Have the link to the VOD?

Description

Time

  • Played on: Oct. 23, 2024, 9:08 a.m.
  • Length: 4:53
Show
View Real Time Build Order
Export as new Build Order

JustTooMuch Terran 

Build Orders: 2 Factory 

Get SALT Encoding   

  12  0:00  SCV  
  13  0:13  SCV  
  14  0:18  Supply Depot  
  14  0:25  SCV  
  15  0:40  SCV  
  16  0:44  Barracks  
  16  0:50  Refinery  
  16  0:53  SCV  
  17  1:05  SCV  
  18  1:20  SCV  
  19  1:32  Orbital Command  
  19  1:52  Command Center  
  19  1:58  SCV  
  20  2:06  Factory  
  20  2:11  Refinery  
  20  2:13  SCV  
  21  2:22  Supply Depot, Barracks Tech Lab  
  21  2:27  SCV  
  22  2:39  SCV  
  23  2:56  SCV  
  24  3:01  Siege Tank  
  27  3:05  Orbital Command  
  27  3:10  SCV  
  28  3:15  Starport  
  28  3:19  Supply Depot  
  28  3:24  SCV  
  29  3:27  Factory  
  29  3:32  Orbital Command  
  29  3:45  Siege Tank  
  29  3:46  SCV  
  33  3:58  SCV, Command Center  
  33  4:01  Viking  
  36  4:10  SCV  
  36  4:14  Supply Depot  
  32  4:22  SCV  
  28  4:35  SCV  
Show
View Real Time Build Order
Export as new Build Order

Archer Zerg - Winner!

Build Orders: Hatch First 

Get SALT Encoding   

  12  0:03  Drone  
  13  0:15  Overlord  
  13  0:18  Drone  
  14  0:44  Hatchery  
  14  0:48  Drone  
  14  0:56  Drone x2  
  16  1:11  Spawning Pool  
  16  1:14  Drone  
  16  1:25  Drone x2  
  19  1:28  Extractor  
  19  1:29  Extractor  
  17  1:38  Overlord  
  17  1:55  Drone x2  
  17  2:00  Roach Warren  
  18  2:05  Hatchery  
  17  2:13  Queen  
  17  2:14  Drone  
  20  2:18  Drone  
  21  2:33  Drone  
  22  2:45  Roach  
  22  2:48  Roach  
  26  2:57  Roach  
  28  3:05  Ravager  
  28  3:08  Ravager  
  30  3:16  Overlord  
  30  3:18  Ravager  
  31  3:25  Roach x2  
  35  3:34  Overlord  
  35  3:40  Roach x3  
  35  3:41  Roach  
  43  3:51  Ravager  
Tags
 
Add a new tag
Caveats
  • Supply blocks, unpowered buildings, or Contaminate may cause inaccurate times.
  • Supply counts are checked every 10 seconds.